 Dungeon Crawl Stone Soup version 0.23.0 (webtiles) character file.

Game seed: 18130734361646993702

4 LostNumber the Charmwright (level 1, 0/17 HPs)
             Began as a Formicid Skald on Feb 15, 2019.
             Killed from afar by a dart slug (4 damage)
             ... with a slug dart
             ... on level 1 of the Dungeon.
             The game lasted 00:00:20 (278 turns).

LostNumber the Charmwright (Formicid Skald)          Turns: 278, Time: 00:00:21

Health: 0/17       AC:  8    Str: 15    XL:     1   Next: 66%
Magic:  3/3        EV:  6    Int: 12    God:
Gold:   13         SH:  0    Dex: 10    Spells: 3/4 levels left

rFire    . . .     SeeInvis +   a - +0 spear
rCold    . . .     Gourm    .   (no shield)
rNeg     . . .     Faith    .   d - +0 chain mail
rPois    .         Spirit   .   (helmet unavailable)
rElec    .         Reflect  .   (no cloak)
rCorr    .         Harm     .   (no gloves)
MR       .....                  (no boots)
Stlth    ..........             (no amulet)
HPRegen  0.05/turn              (no ring)
MPRegen  0.08/turn              (no ring)

@: no status effects
A: permanent stasis, dig shafts and tunnels, four strong arms, antennae 3
a: Dig, Shaft Self


You were on level 1 of the Dungeon.
You were not hungry.

You visited 1 branch of the dungeon, and saw 1 of its levels.

You collected 13 gold pieces.

Inventory:

Hand Weapons
 a - a +0 spear (weapon)
Armour
 b - a +0 leather armour
 d - a +0 chain mail (worn)
   (You found it on level 1 of the Dungeon)
Comestibles
 e - 2 rations {!d}


   Skills:
 + Level 2.3 Fighting
 * Level 2.2 Polearms
 - Level 1.1 Armour
 - Level 1.7 Dodging
 - Level 2.1 Spellcasting
 - Level 3.0 Charms


You had 3 spell levels left.
You knew the following spells:

 Your Spells              Type           Power        Failure   Level  Hunger
a - Infusion              Chrm           #...         88%         1    ##.....

Your spell library contained the following spells:

 Spells                   Type           Power        Failure   Level  Hunger
 Song of Slaying          Chrm           #.......     95%         2    ###....
 Shroud of Golubria       Chrm/Tloc      #.........   99%         2    ###....
 Regeneration             Chrm/Necr      #.........   100%        3    ####...
 Spectral Weapon          Hex/Chrm       #.......     100%        3    ####...


Dungeon Overview and Level Annotations

Branches:
Dungeon (1/15)

Altars:


Innate Abilities, Weirdness & Mutations

You cannot be hasted, slowed, berserked, paralysed or teleported.
You can dig through walls and to a lower floor.
Your four strong arms can wield two-handed weapons with a shield.
You have a pair of large antennae on your head. (SInv)


Message History

A rat and a dart slug come into view.
The bat hits you but does no damage.
You barely miss the bat. The bat hits you. The bat hits you but does no damage.
Found a scroll labeled ONUORGHOICY.
You closely miss the bat. The bat hits you. The hobgoblin barely misses you.
You hit the bat.
You kill the bat!
The hobgoblin hits you. The dart slug launches a dart at you.
The slug dart misses you.
You closely miss the hobgoblin. The hobgoblin barely misses you.
You hit the rat.
You kill the rat!
The hobgoblin hits you.
You closely miss the hobgoblin. The hobgoblin barely misses you.
Unknown command.
You hit the dart slug. The hobgoblin hits you.
* * * LOW HITPOINT WARNING * * *
You are too injured to fight recklessly!
Unknown command.
You are too injured to fight recklessly!
Unknown command.
You are too injured to fight recklessly!
Unknown command.
You are too injured to fight recklessly!
Unknown command.
You are too injured to fight recklessly!
Unknown command.
You are too injured to fight recklessly!
You are too injured to fight recklessly!
Unknown command.
You are too injured to fight recklessly!
The dart slug bites you but does no damage.
The hobgoblin closely misses you. The dart slug closely misses you.
The hobgoblin hits you.
* * * LOW HITPOINT WARNING * * *
The hobgoblin hits you but does no damage.
The dart slug barely misses you.
The hobgoblin hits you but does no damage.
The dart slug barely misses you. The hobgoblin hits you.
* * * LOW HITPOINT WARNING * * *
The hobgoblin hits you.
* * * LOW HITPOINT WARNING * * *
The dart slug barely misses you.
The hobgoblin hits you but does no damage.
Unknown command.
The dart slug launches a dart at you. The slug dart hits you.
You die...

#.# #.# #.# #.# #.# #.#
{ ###.########.###### .
..................
#.######.#######.#######
........$........#
.........#########
.......@...#
.......wg..#
......?....# #### #
............. ... #
...........### #.## #
...........# #..#####
.........#.# ##.รท.#..
..#.?....#.. ###.#.#
#......


You could see a dart slug and a hobgoblin.

Vanquished Creatures
  2 bats (D:1)
  A hobgoblin (D:1)
  A rat (D:1)
4 creatures vanquished.

Notes
Turn   | Place    | Note
-------+----------+-------------------------------------------
     0 | D:1      | LostNumber the Formicid Skald began the quest for the Orb.
     0 | D:1      | Reached XP level 1. HP: 16/16 MP: 3/3
   278 | D:1      | Killed from afar by a dart slug

Action                   || total
-------------------------++-------
Melee: Spear             ||    22
Armor: Leather armour    ||     6
       Chain mail        ||     6
Dodge: Dodged            ||    14
